 Dungeon Crawl Stone Soup version 0.29.0-13-gc9e81de378 (webtiles) character file.

Game seed: 18366803781042884660

766 H0rd4k the Cudgeller (level 8, -1/60 HPs)
             Began as a Human Artificer on Sept 8, 2022.
             Was an Initiate of Gozag.
             Slain by a steam dragon (3 damage)
             ... on level 6 of the Dungeon.
             The game lasted 00:07:50 (8213 turns).

H0rd4k the Cudgeller (Human Artificer)              Turns: 8213, Time: 00:07:51

Health: -1/60      AC:  3    Str: 12      XL:     8   Next: 8%
Magic:  12/12      EV: 13    Int: 13 (14) God:    Gozag
Gold:   212        SH:  0    Dex: 18 (20) Spells: 12/12 levels left

rFire   . . .      SeeInvis .   n - +0 mace
rCold   . . .      Faith    .   (no shield)
rNeg    . . .      Spirit   .   b - +0 leather armour
rPois   .          Reflect  .   (no helmet)
rElec   .          Harm     .   (no cloak)
rCorr   .          Rampage  .   (no gloves)
Will    .....                   (no boots)
Stlth   ++........              (no amulet)
HPRegen 0.20/turn               p - +6 ring of dexterity
MPRegen 0.13/turn               B - +4 ring of slaying

@: no status effects
A: no striking features
a: Renounce Religion, Potion Petition, Call Merchant, Bribe Branch


You were on level 6 of the Dungeon.
You worshipped Gozag.
Gozag was aware of your devotion.
You visited 2 branches of the dungeon, and saw 8 of its levels.

You collected 259 gold pieces.
You paid 47 gold pieces to Gozag.

Inventory:

Hand Weapons
 n - a +0 mace (weapon)
Missiles
 d - 12 poisoned darts (quivered)
 s - 6 atropa-tipped darts
Armour
 b - a +0 leather armour (worn)
 m - an orb of energy
Jewellery
 a - a ring of see invisible
 p - a +6 ring of dexterity (left hand)
 u - a ring of flight
 B - a +4 ring of slaying (right hand)
Scrolls
 e - a scroll of immolation {unknown}
 f - a scroll of fear
 h - 4 scrolls of identify
 i - a scroll of amnesia {unknown}
 j - 2 scrolls of enchant weapon {unknown}
 l - a scroll of enchant armour {unknown}
 o - a scroll of teleportation {unknown}
 t - a scroll of magic mapping {unknown}
 w - a scroll of acquirement {unknown}
 y - 2 scrolls of noise
Potions
 g - a potion of curing
 k - a potion of ambrosia
 v - a potion of brilliance {unknown}
 x - a potion of lignification {unknown}
 z - 3 potions of mutation {unknown}
 A - a potion of cancellation {unknown}


   Skills:
 + Level 3.8 Fighting
 + Level 4.7 Maces & Flails
 + Level 2.0 Throwing
 - Level 2.0 Armour
 + Level 3.5 Dodging
 - Level 1.0 Stealth
 * Level 2.9 Spellcasting
 - Level 3.0 Evocations


You had 12 spell levels left.
You didn't know any spells.
Your spell library contained the following spells:

 Spells                   Type           Power      Damage    Failure   Level
 Necrotise                Necr           4%         1d4       30%         1
 Blink                    Tloc           2%         N/A       41%         2
 Tukima's Dance           Hex            1%         N/A       65%         3
 Vampiric Draining        Necr           1%         2d6       65%         3
 Passage of Golubria      Tloc           1%         N/A       96%         4
 Agony                    Necr           1%         N/A       100%        5
 Manifold Assault         Tloc           1%         N/A       100%        5
 Yara's Violent Unravell  Hex/Tmut       0%         3d3       100%        5
 Storm Form               Tmut/Air       0%         N/A       100%        7


Dungeon Overview and Level Annotations

Branches:
Dungeon (7/15)             Temple (1/1) D:4

Altars:
Ashenzari
Dithmenos
Elyvilon
Fedhas
Gozag
Kikubaaqudgha
Makhleb
Nemelex Xobeh
Okawaru
Qazlal
Uskayaw
Wu Jian
Xom
Zin

Annotations:
D:1 exclusion: downstairs
D:6 1 runed translucent door, exclusion: door, Oki's ghost, novice KoEn


Message History

You see here 6 gold pieces.
You see here a poisoned dart.
The steam dragon breathes steam at you. The ball of steam misses you.
The bullfrog croaks.
The jelly quivers.
You see here 6 gold pieces.
The steam dragon bites you! The steam dragon closely misses you.
There is a stone staircase leading up here.
The steam dragon closely misses you. The steam dragon misses you.
You climb upwards.
Level annotation: 1 runed translucent door, exclusion: door, Oki's ghost, novice KoEn
There is a stone staircase leading down here.
You barely miss the steam dragon. The steam dragon barely misses you.
The steam dragon claws you.
You hit the steam dragon but do no damage.
The steam dragon bites you. The steam dragon misses you.
The steam dragon breathes steam at you. The ball of steam misses you.
You hit the steam dragon.
The steam dragon is lightly wounded.
You are engulfed in a cloud of scalding steam.
The steam dragon closely misses you. The steam dragon barely misses you.
The steam dragon bites you. The steam dragon claws you.
You closely miss the steam dragon.
The steam dragon is lightly wounded.
You are engulfed in a cloud of scalding steam.
The steam dragon bites you but does no damage.
The steam dragon closely misses you.
You hit the steam dragon.
The steam dragon is moderately wounded.
The steam dragon bites you! The steam dragon closely misses you.
You barely miss the steam dragon.
The steam dragon is moderately wounded.
The steam dragon breathes steam at you. The ball of steam hits you!
* * * LOW HITPOINT WARNING * * *
The steam dragon bites you.
You die...
Your body crumbles into a pile of gold.

##..####...#
#...........+) ##..#
##..# ##..........#.
#..## #..##
#...####..### ##.##
#...# ##### ##..##
#..# #...## ##..#
### ##.## #....##
###.#.. ..###..#
#.....# ##......
...##.## ##..D>.##
##....... ...#..#
#..@§§..####........
...#.##
#..§§....##.........
....##
#..§§§##..#.........
....#
#....###..#.........
....# ##..>.#
##........... ....#
#....## ##.......###
...## #...##
##..##### ..##
##...# ##..# .##
#...## #..##


You could see a steam dragon (catching breath).

Vanquished Creatures
  A water moccasin (D:6)
  2 scorpions
  A crimson imp (D:6)
  A hound (D:7)
  2 jellies
  Natasha (thrice) (D:2)
  3 iguanas (D:6)
  7 adders
  An ufetubus (D:6)
  A worm (D:2)
  A dart slug (D:1)
  An orc (D:6)
  3 ball pythons
  2 bats (D:1)
  10 endoplasms
  7 giant cockroaches
  5 hobgoblins
  A quokka (D:4)
  5 frilled lizards
  4 goblins
  4 kobolds
  4 rats
69 creatures vanquished.

Vanquished Creatures (collateral kills)
  A bullfrog (D:4)
  An iguana (D:4)
  An orc wizard (D:4)
  An orc (D:4)
  3 kobolds (D:6)
7 creatures vanquished.

Vanquished Creatures (others)
  A kobold brigand (D:6)
  8 plants (D:3)
9 creatures vanquished.

Grand Total: 85 creatures vanquished

Notes
Turn   | Place    | Note
-------+----------+-------------------------------------------
     0 | D:1      | H0rd4k the Human Artificer began the quest for the Orb.
     0 | D:1      | Reached XP level 1. HP: 15/15 MP: 1/1
   324 | D:1      | Reached XP level 2. HP: 13/21 MP: 2/2
   346 | D:1      | Reached skill level 1 in Maces & Flails
  1129 | D:1      | Reached XP level 3. HP: 26/26 MP: 3/3
  1598 | D:1      | Found a faded altar of an unknown god.
  2865 | D:3      | Reached skill level 2 in Maces & Flails
  2865 | D:3      | Reached XP level 4. HP: 16/33 MP: 4/4
  4057 | D:1      | Reached XP level 5. HP: 16/38 MP: 6/6
  4276 | D:2      | Noticed Natasha
  4282 | D:2      | Killed Natasha
  4283 | D:2      | Reached skill level 1 in Spellcasting
  4318 | D:2      | Noticed Natasha
  4320 | D:2      | Killed Natasha
  4576 | D:2      | Noticed Natasha
  4578 | D:2      | Killed Natasha
  4579 | D:2      | Reached skill level 3 in Maces & Flails
  4597 | D:2      | Reached XP level 6. HP: 41/46 MP: 8/8
  4752 | D:4      | Found a sparkling altar of Nemelex Xobeh.
  4754 | D:4      | Found a broken altar of Ashenzari.
  4814 | D:4      | Noticed an orc warrior
  4828 | D:4      | Found a staircase to the Ecumenical Temple.
  4891 | Temple   | Entered the Ecumenical Temple
  5206 | Temple   | Became a worshipper of Gozag Ym Sagoz the Greedy
  5247 | D:4      | You are sucked into a shaft and drop 2 floors!
  5337 | D:6      | HP: 2/47 [kobold brigand/+0 dagger (3)]
  5526 | D:5      | Entered Level 5 of the Dungeon
  5804 | D:5      | Reached skill level 4 in Maces & Flails
  5804 | D:5      | Reached XP level 7. HP: 42/52 MP: 10/10
  6642 | D:6      | Found a glowing silver altar of Zin.
  6642 | D:6      | Found a shadowy altar of Dithmenos.
  7216 | D:6      | Reached skill level 1 in Throwing
  7325 | D:6      | Noticed a water moccasin
  7341 | D:7      | Noticed a water moccasin
  7346 | D:7      | Noticed a wyvern
  7371 | D:6      | Killed a water moccasin
  7622 | D:6      | Found a runed translucent door.
  7623 | D:6      | Noticed Oki's ghost (novice KoEn)
  7764 | D:6      | Found a burning altar of Makhleb.
  7764 | D:6      | Found a shimmering altar of Xom.
  7780 | D:6      | Reached XP level 8. HP: 14/60 MP: 12/12
  8212 | D:6      | HP: 2/60 [steam dragon/ball of steam (17)]
  8213 | D:6      | Slain by a steam dragon

Illustrated notes

Levels and vault maps discovered:
D:1:      saegor_arrival_simple_b, layout_rooms, basic_ecumenical_altar,
          serial_forest, infiniplex_forest_lined_1, infiniplex_forest_lined_2,
          infiniplex_forest_corner_2, infiniplex_forest_diagonal,
          infiniplex_forest_split, infiniplex_forest_clump_small,
          infiniplex_forest_lined_2, grunt_decor_one_mirror, st_stairs_3
D:2:      layout_basic, solitary_fountain, uniq_natasha
D:3:      layout_basic, serial_forest, infiniplex_forest_straight_2,
          infiniplex_forest_clump_tiny, infiniplex_forest_clump_double,
          infiniplex_forest_clump_cross, infiniplex_forest_straight_4
D:4:      layout_loops_ring, nicolae_overflow_hidden_temple,
          minmay_temple_entry_arrows
D:5:      layout_loops_ring, slow_altar_1, lemuel_mausoleum_altar_yredelemnul
D:6:      layout_cave_pods, grunt_temple_overflow_champion_of_chaos,
          gammafunk_temple_overflow_wave, gammafunk_ghost_grave
D:7:      layout_rooms, mainiacjoe_overflow_alcove_2, uniq_pikel
Temple:   hellmonk_temple_forest_ring

Skill      XL: |  1  2  3  4  5  6  7  8 |
---------------+-------------------------+-----
Maces & Flails | 1 2 3 4 |  4.7
Dodging        | 2 3 |  3.5
Fighting       | 2 3 |  3.8
Spellcasting   | 1 2 |  2.9
Throwing       | 1 2 |  2.0
Armour         | |  2.0
Stealth        | |  1.0
Evocations     | |  3.0

Action                   |  1- 3 |  4- 6 |  7- 9 || total
-------------------------+-------+-------+-------++-------
Melee: Club              |   163 |       |       ||   163
       Mace              |    21 |   108 |    62 ||   191
       Punch             |     1 |       |       ||     1
Throw: Dart              |       |     6 |    38 ||    44
Evoke: Wand              |     7 |    28 |       ||    35
  Use: Potion            |       |     1 |     6 ||     7
       Scroll            |       |       |     3 ||     3
 Stab: Sleeping          |     1 |     2 |       ||     3
Armor: Leather armour    |    68 |    37 |    17 ||   122
Dodge: Dodged            |   127 |    79 |    90 ||   296
